Unix NetHack Version 5.0.0-0 post-release - last build Jul 11 2026 15:18:16 (a5a7a23833b1ad5d30b1c6e96a93a978492a6348,branch:main).

Game began 2026-07-12 08:43:26, ended 2026-07-12 08:57:55.

BATTLEMODE, chaotic female elven Wizard

                                                              ---.
                                                            --..@ |.-
                                                          ---....--.-
                                                          |)(...<....
                                                          .....)."...
                                                          ..|[......|
                                                            ------.--
                                                                 ---
BATTLEMODE the Conjurer   St:7 Dx:12 Co:16 In:15 Wi:13 Ch:11  Chaotic
Dlvl:4  $:64 HP:0(31) Pw:29(43) AC:8  Xp:4 T:1325  Blind Deaf Hallu

Latest messages:
 The energy vortex points at you, then curses.
 The vampire lord shoots 3 crossbow bolts!
 The winged grizzly is hit.
 The hill giant is killed!
 The golden naga is hit.
 The wolf is hit!
 You kill the white dragon!
 The titanothere points at you, then curses.
 The giant beetle points at you, then curses.
 You miss the umber hulk.
 The ogre king points at you, then curses.
 The figment of your imagination points at you, then curses.
 You miss the beluga whale.
 The jackalope picks up a gem.
 You hit the vampire!
 The stain vortex shoots 2 crossbow bolts!
 The 1st crossbow bolt misses you.
 You are hit by the 2nd crossbow bolt.
 In what direction? 7
 The spell hits the grue!
 You kill the barrow wight!
 Welcome to experience level 4.
 You feel awake!
 You see here a gnome corpse.
 A - a gem.
 You see here a gnome corpse.
 You are momentarily blinded by a flash of light!
 You hear a deafening roar!
 What do you want to use or apply? [cfl-otz or ?*] t
 In what direction? 2
 It bites!
 It hits!
 It hits again!
 It bites!
 It bites!
 You kill it!
 It hits!
 It hits again!
 It bites!
 It bites!
 You hit it.
 It hits!
 It hits again!
 It hits!
 You die...
 Do you want your possessions identified? [ynq] (y) y
 Do you want to see your attributes? [ynq] (y) y
 Do you want an account of creatures vanquished? [ynaq] (y) y
 Do you want to see your conduct and achievements? [ynq] (y) y
 Do you want to see the dungeon overview? [ynq] (y) y

Inventory:
 Coins    ('$')
  $ - 64 gold pieces
 Weapons  (')')
  a - a blessed +1 quarterstaff (weapon in hands)
 Armor    ('[')
  y - an uncursed +0 pair of jumping boots (being worn)
  b - an uncursed +0 cloak of magic resistance (being worn)
 Comestibles  ('%')
  r - 2 uncursed food rations
  p - an uncursed orange
 Scrolls  ('?')
  k - an uncursed scroll of enchant armor
  j - an uncursed scroll of light
  i - an uncursed scroll of stinking cloud
 Spellbooks  ('+')
  m - an uncursed spellbook of chain lightning
  l - a blessed spellbook of force bolt
 Potions  ('!')
  x - an uncursed potion of enlightenment
  h - an uncursed potion of gain energy
  f - an uncursed potion of oil
  g - an uncursed potion of water
 Rings    ('=')
  e - an uncursed ring of conflict (on right hand)
  d - an uncursed ring of polymorph control (on left hand)
  v - an uncursed ring of teleport control
 Wands    ('/')
  z - a wand of light (0:15)
  c - a wand of probing (0:5)
 Tools    ('(')
  o - an uncursed wooden harp
  t - an expensive camera (0:68)
  n - a magic marker (0:20)
 Gems/Stones  ('*')
  A - an uncursed jasper stone

BATTLEMODE the Wizard's attributes:

Background:
 You were a Conjurer, a level 4 female elven Wizard.
 You were chaotic, on a mission for Anhur
 who was opposed by Ptah (lawful) and Thoth (neutral).
 You were right-handed.
 You were in the Gnomish Mines, on level 4.
 You entered the dungeon 1325 turns ago.
 You had 89 experience points, 71 more were needed to attain level 5.

Basics:
 You had 0 out of 31 hit points.
 You had 29 out of 43 energy points (spell power).
 Your armor class was 8.
 Your wallet contained 64 spacebucks.
 Autopickup was off.

Final Characteristics:
 Your strength was 7 (peak:9, limit:18).
 Your dexterity was 12 (limit:18).
 Your constitution was 16 (limit:16).
 Your intelligence was 15 (limit:20).
 Your wisdom was 13 (limit:20).
 Your charisma was 11 (limit:18).

Final Status:
 You were hallucinating.
 You were temporarily blind.
 You were deaf.
 You weren't hungry.
 You were unencumbered.
 You were wielding a quarterstaff.
 You had basic skill with quarterstaff.

Final Attributes:
 You were fervently aligned.
 You were magic-protected.
 You were sleep resistant.
 You had infravision.
 You caused conflict.
 You could jump.
 You were warded.
 You had polymorph control.
 You are dead.

Miscellaneous:
 You didn't encounter any bones levels.
 Total elapsed playing time was 14 minutes and 28 seconds.

Major events:
 Turn
    1: BATTLEMODE the chaotic female elven Wizard entered the dungeon
 1264: entered the Gnomish Mines
 1267: attained the rank of Conjurer (level 3)
 1325: killed by a dwarf

Spells:
 Name                 Level Category     Fail Retention
 force bolt             1   attack         0%  91%-100%
 chain lightning        2   attack         0%  91%-100%

Skills:
 Fighting Skills
   bare handed combat [Unskilled]
   riding             [Unskilled]
 Weapon Skills
   dagger             [Unskilled]
   knife              [Unskilled]
   axe                [Unskilled]
   short sword        [Unskilled]
   club               [Unskilled]
   mace               [Unskilled]
   quarterstaff       [Basic]
   polearms           [Unskilled]
   spear              [Unskilled]
   trident            [Unskilled]
   sling              [Unskilled]
   dart               [Unskilled]
   shuriken           [Unskilled]
 Spellcasting Skills
   attack spells      [Basic]
   healing spells     [Unskilled]
   divination spells  [Unskilled]
   enchantment spells [Basic]
   clerical spells    [Unskilled]
   escape spells      [Unskilled]
   matter spells      [Unskilled]

Voluntary challenges:
 Character rerolling was not enabled.
 You were illiterate.
 You never genocided any monsters.
 You never polymorphed an object.
 You never changed form.
 You used no wishes.
Achievements:
 You entered a shop.
 You entered the Gnomish Mines.
 You attained the rank of Conjurer.

 The Dungeons of Doom: levels 1 to 3
    Level 1:
       A fountain.
    Level 2:
       An altar.
    Level 3:
       A general store.
       Stairs down to The Gnomish Mines.
 The Gnomish Mines:
    Level 4: <- You were here.
       Final resting place for
          you, killed by a dwarf.


Vanquished creatures:
  2 gnome leaders
  a kitten
  a dwarf
  a werejackal
 an acid blob
  a yellow mold
  2 gnomes
  a gecko
  3 jackals
  a fox
  5 grid bugs
  a lichen
  a kobold zombie
  3 newts
24 creatures vanquished.

No species were genocided or became extinct.

Game over:
                       ----------
                      /          \
                     /    REST    \
                    /      IN      \
                   /     PEACE      \
                  /                  \
                  |    BATTLEMODE    |
                  |      64 Au       |
                  |   killed by a    |
                  |      dwarf       |
                  |                  |
                  |                  |
                  |       2026       |
                 *|     *  *  *      | *
        _________)/\\_//(\/(/\)/\//\/|_)_______

Goodbye BATTLEMODE the Wizard...

You died in The Gnomish Mines on dungeon level 4 with 574 points,
and 64 pieces of gold, after 1325 moves.
You were level 4 with a maximum of 31 hit points when you died.

